 Dungeon Crawl Stone Soup version 0.31.0-11-ge490571c62 (webtiles) character file.

Game seed: 14542568661041677765

211 Bobbunny the Trooper (level 5, -9/50 HPs)
             Began as a Minotaur Fighter on Feb 3, 2024.
             Mangled by Menkaure (13 damage)
             ... on level 3 of the Dungeon.
             The game lasted 00:01:42 (2460 turns).

Bobbunny the Trooper (Minotaur Fighter)             Turns: 2460, Time: 00:01:43

Health: -9/50      AC: 12    Str: 23    XL:     5   Next: 57%
Magic:  4/4        EV:  6    Int:  5    God:
Gold:   196        SH:  4    Dex:  9    Spells: 4/4 levels left

rFire   . . .        a - +0 war axe
rCold   . . .        c - +0 buckler
rNeg    . . .        o - +0 plate armour
rPois   .            (helmet restricted)
rElec   .            j - +0 cloak
rCorr   .            (no gloves)
SInv    .            (no boots)
Will    .....        (no amulet) Stlth
                     (no ring)
HPRegen 0.28/turn    (no ring)
MPRegen 0.09/turn

%: no passive effects
@: no status effects
A: horns 2, retaliatory headbutt
a: no special abilities


You were on level 3 of the Dungeon.
You visited 1 branch of the dungeon, and saw 4 of its levels.

You collected 196 gold pieces.

Inventory:

Hand Weapons
 a - a +0 war axe (weapon)
Missiles
 t - 5 poisoned darts (quivered)
Armour
 c - a +0 buckler (worn)
 j - a +0 cloak (worn)
 o - a +0 plate armour (worn)
Jewellery
 f - an amulet of faith
Scrolls
 h - 2 scrolls of identify {unknown}
 k - a scroll of enchant armour {unknown}
 n - 4 scrolls of teleportation {unknown}
 p - a scroll of fear {unknown}
 r - a scroll of torment {unknown}
 u - a scroll of enchant weapon {unknown}
 v - a scroll of revelation {unknown}
Potions
 b - 2 potions of enlightenment {unknown}
 d - 2 potions of might
 e - 3 potions of mutation {unknown}
 g - a potion of lignification {unknown}
 i - 2 potions of cancellation {unknown}
 l - 4 potions of curing {unknown}
 m - a potion of heal wounds {unknown}
 q - 2 potions of invisibility {unknown}
 s - 2 potions of attraction {unknown}


   Skills:
 + Level 6.0 Fighting
 + Level 5.3 Axes
 - Level 3.6 Armour
 - Level 3.6 Shields


You had 4 spell levels left.
You didn't know any spells.
Your spell library was empty.

Dungeon Overview and Level Annotations

Branches:
Dungeon (4/15)
 Temple: D:4-7

Altars:
Kikubaaqudgha
Sif Muna
Vehumet

Annotations:
D:3 Menkaure


Innate Abilities, Weirdness & Mutations

You have a pair of horns on your head.
You reflexively headbutt those who attack you in melee.


Message History

No target in view!
No target in view!
No target in view!
No target in view!
No target in view!
No target in view!
No target in view!
No target in view!
Found an escape hatch in the ceiling.
Found a stone staircase leading up.
You now have 196 gold pieces (gained 13).
An adder comes into view.
Found a twisted ruby ring.
An adder is nearby!
An adder is nearby!
Menkaure and an iguana come into view.
Found 10 gold pieces.
Menkaure shouts!
The iguana hisses angrily.
Menkaure casts a spell.
Menkaure seems to speed up.
Menkaure gestures at you while chanting.
Pain shoots through your body! Menkaure barely misses you.
Menkaure hits you but does no damage. The adder bites you but does no damage.
You slash Menkaure! Your headbutt misses Menkaure.
Menkaure is moderately damaged.
You barely miss the adder. The adder barely misses you.
Menkaure hits you! 2 jackals come into view.
The jackal barks! x2
The adder bites you but does no damage. Menkaure attacks as he pursues you!
Menkaure hits you. You block the adder's attack.
The adder bites you but does no damage. Menkaure hits you!
There is a stone staircase leading up, spattered with blood here.
The adder bites you but does no damage. Menkaure hits you!
* * * LOW HITPOINT WARNING * * *
You climb upwards.
There is a stone staircase leading down here.
You barely miss Menkaure. You headbutt Menkaure.
Menkaure is heavily damaged.
You barely miss the adder. The adder barely misses you. Menkaure hits you!
You die...

#......# #..... #......#
#..... #......#
########..... #......####
#......'..... #.........#
#.######.....
#.........###.###########
#........................
##########M####.#########.
#.......S@................
#.#############.#.#.#####.
#.# #...# #.#.#.....#.
#.######...# #.#...#.....
#.#........# #.###.#..<#.
#.#.####.### #.....#...#.
#.#.####.# #.........#.
#.#....#.# #.######.##.
#.####'#'######.###.......


You could see Menkaure (fast) and an adder.

Vanquished Creatures
  A hound (D:4)
  3 orc wizards (D:3)
  An adder (D:3)
  4 gnolls (D:4)
  2 dart slugs
  2 ribbon worms
  An orc (D:4)
  4 endoplasms
  2 goblins
  7 hobgoblins
  3 jackals (D:3)
  5 kobolds
  8 ball pythons
  2 bats (D:1)
  5 frilled lizards
  6 rats
56 creatures vanquished.

Notes
Turn   | Place    | Note
-------+----------+-------------------------------------------
     0 | D:1      | Bobbunny the Minotaur Fighter began the quest for the Orb.
     0 | D:1      | Reached XP level 1. HP: 19/19 MP: 0/0
   196 | D:1      | Reached skill level 4 in Fighting
   205 | D:1      | Reached XP level 2. HP: 27/27 MP: 1/1
   649 | D:1      | Found a faded altar of an unknown god.
   963 | D:2      | Reached XP level 3. HP: 34/34 MP: 2/2
  1419 | D:3      | Found a shimmering blue altar of Sif Muna.
  1475 | D:3      | Found an ancient bone altar of Kikubaaqudgha.
  1484 | D:3      | Reached skill level 5 in Fighting
  1484 | D:3      | Reached XP level 4. HP: 42/42 MP: 3/3
  1491 | D:3      | Found a radiant altar of Vehumet.
  2085 | D:4      | Reached XP level 5. HP: 48/48 MP: 4/4
  2118 | D:4      | Reached skill level 5 in Axes
  2336 | D:4      | Reached skill level 6 in Fighting
  2452 | D:4      | Noticed Menkaure
  2460 | D:3      | Mangled by Menkaure

Illustrated notes

Levels and vault maps discovered:
D:1:      nzn_arrival_depleted_hourglass, layout_basic,
          shapermc_ecumenical_altar_petra
D:2:      layout_rooms
D:3:      layout_basic, palyth_temple_overflow_mages
D:4:      layout_basic, kennysheep_nub, uniq_menkaure

Skill      XL: |  1  2  3  4  5 |
---------------+----------------+-----
Fighting       | 4 5 6 |  6.0
Axes           | 3 4 5 |  5.3
Armour         | |  3.6
Shields        | |  3.6

Action                     |  1- 3 |  4- 6 || total
---------------------------+-------+-------++-------
  Melee: War axe           |    78 |    62 ||   140
         Headbutt          |     6 |     9 ||    15
 Armour: Scale mail        |    36 |       ||    36
         Plate armour      |    24 |    69 ||    93
  Dodge: Dodged            |    36 |    13 ||    49
  Block: Buckler           |    16 |    12 ||    28
